AoeStats
← Baily

Arena

507934071Analyzed
4v4 RM · 13d ago on Sep 20, 2026· 49m 29s· 8 players
Game mode
Random Map
Map size
Large (8 player)
Population
200
Speed
Normal
Resources
Standard
Victory
Conquest
Starting age
Dark Age
Ending age
Imperial Age
RankedLock teamsTeams togetherTeam positionsShared explorationLock speedFull tech treeHidden civsTurbo modeCheats
Victory
Defeat
🇭🇰 Burgundians · Hong Kong SAR China
737
+9
🇵🇱 Bohemians · Poland
724
+9
🇮🇳 Jurchens · India
655
+12
🇨🇳 Mongols · China
652
+12
🇩🇪 Inca · Germany
688
-14
🇨🇳 Persians · China
580
-11
🇻🇳 Spanish · Vietnam
543
-10
🇨🇿 Poles · Czechia
446
-7
Kazatel
12:33 Feudal Age
10:49 Loom
19:40 Castle Age
19:07 Wheelbarrow
18:14 Horse Collar
18:29 Double-Bit Axe
26:04 Bow Saw
25:57 Heavy Plow
31:31 Husbandry
31:42 Bloodlines
30:53 Light Cavalry
31:41 Scale Barding Armor
31:49 Forging
34:13 Imperial Age
32:10 Hand Cart
31:48 Gold Mining
31:48 Stone Mining
33:51 Chain Barding Armor
35:25 Winged Hussar
37:08 Iron Casting
36:24 Fletching
38:47 Chemistry
38:08 Ballistics
Jackpot
11:15 Feudal Age
12:01 Double-Bit Axe
12:00 Horse Collar
14:51 Wheelbarrow
19:44 Castle Age
18:11 Stone Mining
20:35 Bow Saw
20:29 Heavy Plow
21:19 Hand Cart
21:47 Stone Shaft Mining
23:17 Gold Mining
23:19 Loom
27:04 Gold Shaft Mining
26:00 Elite Skirmisher
26:47 Scale Mail Armor
26:58 Forging
26:55 Treadmill Crane
28:09 Murder Holes
28:38 Ballistics
28:31 Fortified Wall
28:45 Champi Runner
30:00 Champi Warrior
38:47 Imperial Age
Baily
13:19 Feudal Age
15:07 Wheelbarrow
14:44 Double-Bit Axe
14:46 Horse Collar
20:05 Castle Age
22:45 Bow Saw
22:58 Stone Mining
23:00 Gold Mining
26:29 Stone Shaft Mining
26:15 Husbandry
28:16 Light Cavalry
31:06 Loom
35:57 Gold Shaft Mining
DorsalMold8400
12:18 Feudal Age
13:51 Horse Collar
14:02 Double-Bit Axe
14:57 Wheelbarrow
16:10 Man-at-Arms
18:13 Gold Mining
21:33 Loom
21:35 Town Watch
25:06 Castle Age
26:57 Hand Cart
29:00 Heavy Plow
29:17 Bow Saw
29:01 Stone Mining
29:26 Long Swordsman
34:58 Elite Skirmisher
35:30 Gambesons
36:28 Scale Mail Armor
36:36 Scale Barding Armor
37:49 Padded Archer Armor
39:15 Chain Mail Armor
39:20 Chain Barding Armor
39:16 Leather Archer Armor
46:31 Imperial Age
FluxyAshYT
14:47 Feudal Age
17:26 Stone Mining
20:06 Castle Age
22:13 Fletching
23:13 Gold Mining
24:12 Horse Collar
25:00 Pikeman
30:28 Padded Archer Armor
30:39 Forging
34:38 Imperial Age
35:36 Thunderclap Bombs
38:07 Scale Barding Armor
37:59 Bodkin Arrow
40:08 Chemistry
41:46 Chain Barding Armor
41:40 Treadmill Crane
42:25 Ballistics
42:03 Elite Iron Pagoda
加加十四
11:50 Feudal Age
16:54 Castle Age
15:36 Double-Bit Axe
18:45 Wheelbarrow
21:23 Bow Saw
24:15 Horse Collar
26:07 Gold Mining
26:07 Stone Mining
27:07 Hand Cart
30:05 Heavy Plow
31:32 Gold Shaft Mining
31:33 Stone Shaft Mining
33:14 Forging
33:10 Scale Barding Armor
32:57 Fletching
33:08 Padded Archer Armor
36:36 Imperial Age
33:55 Town Watch
36:22 Caravan
36:55 Nomads
36:36 Elite Mangudai
37:41 Conscription
38:10 Iron Casting
37:56 Chain Barding Armor
37:32 Bodkin Arrow
37:53 Leather Archer Armor
39:32 Bloodlines
39:23 Husbandry
38:48 Elite Steppe Lancer
40:33 Hoardings
40:47 Hoardings
41:14 Capped Ram
43:07 Blast Furnace
42:08 Bracer
43:49 Siege Ram
46:57 Spies/Treason
Thorgall
0:32 Loom
17:09 Feudal Age
18:59 Wheelbarrow
18:14 Double-Bit Axe
18:12 Horse Collar
20:54 Forging
22:50 Castle Age
21:18 Man-at-Arms
24:18 Town Watch
24:27 Long Swordsman
25:50 Elite Skirmisher
26:47 Fletching
28:14 Bodkin Arrow
28:20 Padded Archer Armor
28:21 Scale Mail Armor
28:45 Sanctity
28:36 Fervor
31:34 Hand Cart
33:31 Heavy Plow
37:41 Wagenburg Tactics
39:00 Bow Saw
38:57 Pikeman
39:37 Squires
41:52 Iron Casting
41:32 Chain Mail Armor
43:32 Chain Mail Armor
47:42 Imperial Age
46:22 Chemistry
45:45 Ballistics
48:56 Conscription
48:23 Houfnice
success0111
0:57 Loom
12:46 Feudal Age
11:15 Horse Collar
11:21 Double-Bit Axe
14:04 Wheelbarrow
13:32 Heavy Plow
13:44 Bow Saw
20:38 Castle Age
19:07 Hand Cart
22:33 Two-Man Saw
22:05 Crop Rotation
22:19 Town Watch
23:08 Stone Mining
23:10 Gold Mining
26:53 Burgundian Vineyards
27:41 Gold Shaft Mining
29:13 Stone Shaft Mining
32:22 Imperial Age
30:53 Scale Barding Armor
30:58 Forging
31:21 Town Patrol
31:48 Husbandry
31:14 Cavalier
32:19 Scale Mail Armor
32:40 Chain Barding Armor
33:02 Iron Casting
33:24 Conscription
33:28 Paladin
36:35 Blast Furnace
37:45 Plate Barding Armor
43:16 Spies/Treason
46:41 Sappers
47:27 Caravan
47:59 Coinage
47:40 Guilds
47:33 Scale Mail Armor
47:34 Padded Archer Armor
47:24 Fletching
47:58 Sanctity
47:39 Devotion
47:40 Atonement
47:25 Treadmill Crane
47:55 Masonry
47:56 Fortified Wall
47:31 Arrowslits
48:08 Ballistics
47:38 Guard Tower
Connection lost

Rejoining the realm…

Still unreachable

The connection could not be restored.

Session expired

The server has moved on; the page needs a fresh start.